 Dungeon Crawl Stone Soup version 0.31-a0-446-g07c4bd200f (webtiles) character file.

Game seed: 1623295791820010359

2202 bollybol the Grappler (level 9, -3/77 (85) HPs)
             Began as a Troll Berserker on Aug 3, 2023.
             Was a High Priest of Trog.
             Slain by a killer bee (8 damage)
             ... on level 7 of the Dungeon.
             The game lasted 00:19:24 (4954 turns).

bollybol the Grappler (Troll Berserker)             Turns: 4954, Time: 00:19:25

HP:   -3/77 (85)    AC:  5    Str: 29    XL:     9   Next: 12%
MP:   8/8           EV: 10    Int:  5    God:    Trog [*****.]
Gold: 621           SH:  5    Dex:  9    Spells: 8/8 levels left

rFire   + .          .
                       - Unarmed
rCold   . . .        (no shield)
rNeg    . . .        a - +0 animal skin
rPois   .            (helmet restricted)
rElec   .            l - +0 cloak
rCorr   .            (gloves unavailable)
SInv    .            (boots unavailable)
Will    .....        x - amulet of reflection
Stlth   +            j - ring of protection from fire
HPRegen 1.12/turn    (no ring)
MPRegen 0.11/turn

%: reflection
@: lethally poisoned (-3 -> -6), drained
A: large, unfitting armour, claws 3, regeneration 1, shaggy fur 1, tough skin 1
a: Renounce Religion, Berserk, Trog's Hand, Brothers in Arms


You were on level 7 of the Dungeon.
You worshipped Trog.
Trog was extremely pleased with you.
You visited 1 branch of the dungeon, and saw 7 of its levels.
You also visited: Sewer and Ossuary.

You collected 621 gold pieces.

Inventory:

Missiles
 d - 14 boomerangs
 f - 8 poisoned darts
 A - 3 javelins
Armour
 a - a +0 animal skin (worn)
 l - a +0 cloak (worn)
Jewellery
 j - a ring of protection from fire (left claw)
 x - an amulet of reflection (around neck)
Wands
 r - a wand of polymorph (7)
 y - a wand of flame (16)
Scrolls
 e - 2 scrolls of amnesia
 h - 2 scrolls of fog
 k - a scroll of butterflies
 m - 3 scrolls of revelation
 n - a scroll of brand weapon
 q - 2 scrolls of fear
 v - 4 scrolls of identify
Potions
 b - 2 potions of might
 c - a potion of resistance
 g - 3 potions of curing
 i - 3 potions of brilliance
 o - a potion of mutation
 p - a potion of enlightenment
 s - 2 potions of haste
 u - a potion of ambrosia
 w - 2 potions of cancellation
 z - a potion of degeneration {unknown}
 B - a potion of invisibility {unknown}


   Skills:
 * Level 4.6 Fighting
 * Level 4.9 Dodging
 + Level 1.0 Stealth
 + Level 0.2 Shields
 * Level 10.2 Unarmed Combat


You had 8 spell levels left.
You didn't know any spells.
Your spell library was empty.

Dungeon Overview and Level Annotations

Branches:
Dungeon (7/15)             Temple (0/1) D:7           Sewer (visited)
Ossuary (visited)

Altars:
Fedhas
Gozag
Makhleb
Ru
Sif Muna
Vehumet
Wu Jian
Xom
The Shining One

Shops:
D:1 [


Innate Abilities, Weirdness & Mutations

You are too large for most types of armour.
You have claws for hands.
Your natural rate of healing is unusually fast.
You are covered in fur. (AC +1)
You have tough skin. (AC +1)


Message History

You feel sick. The hound attacks as you move away!
The hound bites you but does no damage.
You feel sick.
You are no longer poisoned.
The hound bites you but does no damage. The hound attacks as you move away!
The hound bites you.
* * * LOW HITPOINT WARNING * * *
You claw the hound! Your claw misses the hound.
The hound is severely wounded.
The hound bites you but does no damage.
You mangle the hound!!
You kill the hound!
Trog accepts your kill.
You barely miss the killer bee. The killer bee misses you.
The killer bee stings you.
* * * LOW HITPOINT WARNING * * *
You closely miss the killer bee. The killer bee stings you.
* * * LOW HITPOINT WARNING * * *
You miss the killer bee. Your claw misses the killer bee.
The killer bee barely misses you. The killer bee stings you.
* * * LOW HITPOINT WARNING * * *
You claw the killer bee! Your claw misses the killer bee.
The killer bee is severely wounded.
The killer bee stings you!
* * * LOW HITPOINT WARNING * * *
You are poisoned.
The killer bee poisons you! The killer bee barely misses you.
You feel sick.
You feel sick. The killer bee closely misses you.
The killer bee stings you but does no damage.
The killer bee stings you.
* * * LOW HITPOINT WARNING * * *
You feel sick. The killer bee barely misses you.
You feel sick. The killer bee closely misses you. The killer bee stings you.
* * * LOW HITPOINT WARNING * * *
You are more poisoned.
The killer bee poisons you!
The killer bee attacks as you move away!
The killer bee stings you!
You die...

...##.........####...#.#
..####.......## #.# .##
##.....## #.# .# ##...##
#y##### ##'## #y....#
#.# #y###.# ##
#.############...☼.# ..
##.#.....y.y.##☼§...#
#.##....###.@yy..†.°°○°#
#...........###.##.°...#
####....##### #........#
##[#.# #.#.....##
#[#.#######.#######
#.#.>.......#
#.########### #.########
#.##.....#


You could see 4 killer bees.

Vanquished Creatures
  A sky beast (D:7)
  An ice beast (D:5)
  A black bear (D:4)
  An ogre (D:7)
  3 centaurs
  A phantom (D:5)
  A bullfrog (D:6)
  2 scorpions (D:5)
  2 water moccasin zombies (D:5)
  6 wights
  A killer bee (D:7)
  2 howler monkeys (D:5)
  3 jellies
  4 hounds
  An orc priest (D:5)
  2 sleepcaps (D:6)
  A hell rat (Sewer)
  4 orc wizards (D:7)
  2 iguanas
  A hound skeleton (D:5)
  9 mummies
  4 gnolls (D:5)
  4 adders
  A shadow imp (D:6)
  A white imp (D:7)
  An ufetubus (D:6)
  An adder skeleton (D:5)
  3 worms
  4 dart slugs
  16 orcs
  5 bats
  6 endoplasms
  3 giant cockroaches
  A gnoll zombie (Ossuary)
  10 goblins
  4 hobgoblins
  8 kobolds
  4 quokkas
  10 ball pythons
  A frilled lizard (D:3)
  A goblin zombie (D:4)
  3 hobgoblin zombies (Ossuary)
  4 kobold zombies (Ossuary)
  An orc zombie (D:4)
  11 rats
156 creatures vanquished.

Notes
Turn   | Place    | Note
-------+----------+-------------------------------------------
     0 | D:1      | bollybol the Troll Berserker began the quest for the Orb.
     0 | D:1      | Reached XP level 1. HP: 22/22 MP: 0/0
   117 | D:1      | Reached XP level 2. HP: 29/29 MP: 1/1
   308 | D:1      | Found Reyshrui's Antique Armour Boutique.
   641 | D:2      | Reached ** piety under Trog
   693 | D:2      | Reached XP level 3. HP: 36/36 MP: 2/2
  1727 | D:4      | Reached XP level 4. HP: 45/45 MP: 3/3
  1734 | D:4      | Reached skill level 4 in Unarmed Combat
  1765 | D:4      | Found a glowing drain.
  1771 | Sewer    | Entered a sewer
  1780 | Sewer    | Reached *** piety under Trog
  1921 | D:4      | Noticed a black bear
  1928 | D:4      | Killed a black bear
  1929 | D:4      | Reached skill level 5 in Unarmed Combat
  1929 | D:4      | Reached XP level 5. HP: 52/53 MP: 4/4
  2100 | D:4      | Found a sand-covered staircase.
  2107 | Ossuary  | Entered an ossuary
  2175 | Ossuary  | Reached XP level 6. HP: 49/61 MP: 5/5
  2284 | Ossuary  | Reached skill level 6 in Unarmed Combat
  2504 | D:4      | Found a shimmering altar of Xom.
  2876 | D:5      | Entered Level 5 of the Dungeon
  2914 | D:5      | Reached XP level 7. HP: 63/67 MP: 6/6
  2984 | D:5      | Reached skill level 7 in Unarmed Combat
  2987 | D:5      | Reached **** piety under Trog
  3214 | D:5      | Found an ornate altar of the Wu Jian Council.
  3216 | D:5      | Found an opulent altar of Gozag.
  3260 | D:5      | Reached skill level 8 in Unarmed Combat
  3274 | D:5      | Reached XP level 8. HP: 78/78 MP: 7/7
  3749 | D:6      | Found a burning altar of Makhleb.
  3774 | D:6      | Reached skill level 9 in Unarmed Combat
  3801 | D:6      | Found a glowing golden altar of the Shining One.
  3818 | D:6      | Found a shimmering blue altar of Sif Muna.
  3965 | D:6      | Found a blossoming altar of Fedhas.
  4420 | D:7      | Found a staircase to the Ecumenical Temple.
  4440 | D:7      | Reached XP level 9. HP: 70/73 MP: 8/8
  4503 | D:7      | Reached skill level 1 in Stealth
  4503 | D:7      | Reached skill level 10 in Unarmed Combat
  4520 | D:7      | Found a sacrificial altar of Ru.
  4538 | D:7      | Reached ***** piety under Trog
  4896 | D:7      | Found a radiant altar of Vehumet.
  4954 | D:7      | Slain by a killer bee

Illustrated notes

Levels and vault maps discovered:
D:1:      nicolae_arrival_washed_ashore, layout_basic, serial_bayou,
          serial_bayou_ford_a, serial_bayou_pond_e, serial_bayou_shore_a,
          serial_bayou_pond_b, serial_shops, shop
D:2:      layout_rooms
D:3:      layout_basic, amethyst_killhole, st_stairs_2
D:4:      layout_gridville, mainiacjoe_overflow_24_doors,
          gup_sewer_entry_bubbles, nicolae_ossuary_entry_giza
D:5:      layout_basic, jmf_multi_god_temple, serial_undead, serial_undead_c,
          serial_undead_f, serial_undead_c, serial_undead_b,
          dreamdust_princess_corridor, kennysheep_path_1
D:6:      layout_rooms, nicolae_sif_muna_condensation, general_overflow_altar,
          mainiacjoe_overflow_tiny_flanked, makhleb_heckhound_becter
D:7:      layout_loops_corners, mainiacjoe_overflow_alcove_2,
          fiery_altar_vehumet, minmay_temple_entry_slanted

Skill      XL: |  1  2  3  4  5  6  7  8  9 |
---------------+----------------------------+-----
Fighting       | 3 4 |  4.6
Unarmed Combat | 5 6 8 9 10 | 10.2
Dodging        | 3 4 |  4.9
Stealth        | 1 |  1.0
Shields        | |  0.2

Action                     |  1- 3 |  4- 6 |  7- 9 || total
---------------------------+-------+-------+-------++-------
  Melee: Unarmed           |   103 |   141 |   192 ||   436
         Punch             |     1 |     3 |     7 ||    11
    Use: Scroll            |     9 |     7 |     5 ||    21
         Potion            |       |       |     3 ||     3
 Armour: Animal skin       |    41 |    42 |    60 ||   143
  Dodge: Dodged            |    48 |    50 |   104 ||   202
  Block: Other             |       |       |    16 ||    16

Table legend: (Time is in decaauts)
 A = Elapsed time spent in this place.
 B = Non-inter-level travel time spent in this place.
 C = Inter-level travel time spent in this place.
 D = Time resting spent in this place.
 E = Time spent auto-exploring this place.
 F = Levels seen in this place.
 G = Mean time per level.
                   A        B        C        D        E       F      G
               +--------+--------+--------+--------+--------+-----+--------+
         Total |   4900 |   4533 |    367 |     42 |   3142 |   9 |  544.4 |
       Dungeon |   4522 |   4155 |    367 |     28 |   2996 |   7 |  646.0 |
         Sewer |     73 |     73 |      0 |      0 |      0 |   1 |   73.0 |
       Ossuary |    304 |    304 |      0 |     14 |    146 |   1 |  304.0 |
               +--------+--------+--------+--------+--------+-----+--------+

Top non-repeatable levels by time:
     D:7: 818 daAuts
     D:4: 801 daAuts
     D:5: 663 daAuts
     D:1: 626 daAuts
     D:3: 626 daAuts
     D:6: 562 daAuts
     D:2: 424 daAuts
 Ossuary: 304 daAuts
   Sewer: 73 daAuts
